 Dungeon Crawl Stone Soup version 0.28.0-45-g0d030f2227 (webtiles) character file.

Game seed: 15450700238657384341

1236 Vizrt the Bolt Thrower (level 8, -10/65 HPs)
             Began as a Formicid Hunter on Apr 14, 2022.
             Mangled by an ogre
             ... wielding a +0 giant spiked club
              (20 damage)
             ... on level 6 of the Dungeon.
             The game lasted 00:14:55 (9019 turns).

Vizrt the Bolt Thrower (Formicid Hunter)            Turns: 9019, Time: 00:14:56

Health: -10/65     AC: 20    Str: 25    XL:     8   Next: 78%
Magic:  8/8        EV:  9    Int: 11    God:
Gold:   254        SH:  0    Dex: 11    Spells: 7/7 levels left

rFire   . . .      SeeInvis +   w - +1 mace (protect)
rCold   . . .      Faith    .   (no shield)
rNeg    . . .      Spirit   .   m - +0 chain mail
rPois   .          Reflect  .   (helmet unavailable)
rElec   .          Harm     .   (no cloak)
rCorr   .          Rampage  .   e - +1 pair of gloves
Will    .....                   k - +0 pair of boots
Stlth   ..........              (no amulet)
HPRegen 0.20/turn               s - +6 ring of strength
MPRegen 0.11/turn               (no ring)

@: under a protective aura
A: permanent stasis, dig shafts and tunnels, antennae 3, four strong arms
a: Dig, Shaft Self


You were on level 6 of the Dungeon.
You visited 1 branch of the dungeon, and saw 6 of its levels.

You collected 254 gold pieces.

Inventory:

Hand Weapons
 a - a +0 hunting sling
 b - a +2 hand crossbow
 w - a +1 mace of protection (weapon)
Missiles
 c - 68 arrows
 d - 18 bolts
 i - 110 stones
 r - 2 poisoned darts (quivered)
 y - 20 sling bullets
Armour
 e - a +1 pair of gloves (worn)
 k - a +0 pair of boots (worn)
 m - a +0 chain mail (worn)
Jewellery
 s - a +6 ring of strength (left hand)
 x - a ring of ice
 A - a ring of magical power
Wands
 v - a wand of digging (8)
 B - a wand of flame (3)
Scrolls
 f - a scroll of immolation {unknown}
 l - a scroll of noise {unknown}
 o - 2 scrolls of enchant weapon
 q - a scroll of blinking {unknown}
 t - 2 scrolls of brand weapon {unknown}
 z - a scroll of amnesia {unknown}
Potions
 g - 2 potions of brilliance
 h - 3 potions of lignification
 j - a potion of resistance
 n - a potion of ambrosia
 p - a potion of curing {unknown}
 u - a potion of heal wounds {unknown}


   Skills:
 + Level 6.5 Fighting
 + Level 7.0 Crossbows
 + Level 6.1 Armour
 - Level 1.7 Dodging
 - Level 1.2 Stealth


You had 7 spell levels left.
You didn't know any spells.
Your spell library contained the following spells:

 Spells                   Type           Power      Damage    Failure   Level
 Shock                    Conj/Air       0%         1d3       91%         1
 Ensorcelled Hibernation  Hex/Ice        0%         N/A       97%         2
 Passwall                 Tmut/Erth      0%         N/A       97%         2
 Conjure Flame            Conj/Fire      0%         6-21      99%         3
 Ignite Poison            Fire/Tmut/Pois 0%         N/A       99%         3
 Airstrike                Air            0%         N/A       100%        4
 Sticky Flame             Conj/Fire      0%         2d3       100%        4
 Swiftness                Air            Unusable   N/A       N/A         3

Dungeon Overview and Level Annotations

Branches:
Dungeon (6/15)
 Temple: D:4-7

Altars:

Shops:
D:6 =


Innate Abilities, Weirdness & Mutations

You cannot be hasted, slowed, berserked, paralysed or teleported.
You can dig through walls and to a lower floor.
You have a pair of large antennae on your head. (SInv)
Your four strong arms can wield two-handed weapons with a shield.


Message History

The iguana bites you but does no damage.
You sock the iguana!
You kill the iguana!
You see here an iguana corpse.
An ogre is nearby!
The ogre shouts!
You hit the ogre.
Your weapon exudes an aura of protection.
The ogre is moderately wounded.
The ogre closely misses you.
You barely miss the ogre. You punch the ogre, but do no damage.
The ogre is moderately wounded.
The ogre hits you with a +0 giant spiked club!
You hit the ogre.
The ogre is moderately wounded.
The ogre barely misses you.
You completely miss the ogre.
The ogre is moderately wounded.
The ogre hits you with a +0 giant spiked club!
You barely miss the ogre.
The ogre is moderately wounded.
The ogre barely misses you.
You barely miss the ogre.
The ogre is moderately wounded.
The ogre hits you with a +0 giant spiked club!
* * * LOW HITPOINT WARNING * * *
You barely miss the ogre.
The ogre is moderately wounded.
The ogre hits you with a +0 giant spiked club.
* * * LOW HITPOINT WARNING * * *
You hit the ogre.
Your weapon exudes an aura of protection.
The ogre is heavily wounded.
The ogre hits you with a +0 giant spiked club!
* * * LOW HITPOINT WARNING * * *
The ogre closely misses you.
You sock the ogre!
The ogre is almost dead.
The ogre hits you with a +0 giant spiked club!!
You die...

#.##...........##.
##...................# #..
...##...>....(.......###...
....................#.#...
......).............#....
.......................#
................#.....# #
................#.....#..#
...............O@.......##
......##...<..............#
......##.......#..#...#....
........##....##†###.## ##.
#.......##....#.## ###
#...............###...#
##{..#..............#
.o#...#..........#### ##
..###.......##....#####.#


You could see an ogre.

Vanquished Creatures
  2 black bears (D:4)
  3 ogres
  A phantom (D:6)
  A centaur (D:5)
  A scorpion (D:5)
  A water moccasin skeleton (D:6)
  A howler monkey (D:5)
  3 hounds (D:5)
  2 jellies
  A bullfrog skeleton (D:5)
  A centaur skeleton (D:5)
  3 iguanas
  An orc wizard (D:6)
  A hound skeleton (D:4)
  Robin (D:2)
  6 adders
  An ufetubus (D:4)
  A worm (D:3)
  4 dart slugs
  7 orcs
  10 endoplasms
  3 giant cockroaches
  4 hobgoblins
  3 jackals (D:2)
  10 quokkas
  6 ball pythons
  4 bats
  3 frilled lizards
  12 goblins
  8 kobolds
  A quokka skeleton (D:4)
  6 rats
112 creatures vanquished.

Vanquished Creatures (others)
  An orc wizard (D:6)
1 creature vanquished.

Grand Total: 113 creatures vanquished

Notes
Turn   | Place    | Note
-------+----------+-------------------------------------------
     0 | D:1      | Vizrt the Formicid Hunter began the quest for the Orb.
     0 | D:1      | Reached XP level 1. HP: 16/16 MP: 1/1
   245 | D:1      | Reached XP level 2. HP: 23/23 MP: 2/2
   329 | D:1      | Reached skill level 1 in Armour
  1195 | D:2      | Reached XP level 3. HP: 28/28 MP: 3/3
  1204 | D:2      | Found a faded altar of an unknown god.
  1648 | D:2      | Reached XP level 4. HP: 27/35 MP: 4/4
  2229 | D:2      | You fall into a shaft and drop 1 floor!
  2530 | D:2      | Noticed Robin
  2544 | D:2      | Killed Robin
  2764 | D:3      | Reached XP level 5. HP: 41/41 MP: 5/5
  3513 | D:4      | Noticed an ogre
  4023 | D:4      | Reached skill level 5 in Crossbows
  4080 | D:4      | Noticed a black bear
  4403 | D:4      | Killed a black bear
  4404 | D:4      | Reached XP level 6. HP: 25/48 MP: 6/6
  5105 | D:4      | Noticed a black bear
  5126 | D:4      | Killed a black bear
  5537 | D:4      | Killed an ogre
  5538 | D:4      | Reached XP level 7. HP: 24/55 MP: 7/7
  6229 | D:5      | Entered Level 5 of the Dungeon
  6513 | D:5      | Reached skill level 5 in Fighting
  6666 | D:5      | Reached skill level 6 in Crossbows
  7483 | D:5      | Reached skill level 5 in Armour
  7483 | D:5      | Reached XP level 8. HP: 55/63 MP: 8/8
  8660 | D:6      | Found Geragefekota's Jewellery Shoppe.
  8810 | D:6      | Reached skill level 7 in Crossbows
  9019 | D:6      | Mangled by an ogre

Illustrated notes

Levels and vault maps discovered:
D:1:      lightli_arrival_isolated_outpost, layout_loops_ring
D:2:      layout_basic, shapermc_ecumenical_altar_pompeii, uniq_robin
D:3:      layout_loops_ring, minmay_misc_feat_five
D:4:      layout_gridville
D:5:      layout_basic, minmay_misc_feat_more_columns
D:6:      layout_layer_cave, serial_shops, kennysheep_mini_moat, hex_medium,
          uniq_sigmund

Skill      XL: |  1  2  3  4  5  6  7  8 |
---------------+-------------------------+-----
Armour         | 1 2 3 4 5 6 |  6.1
Fighting       | 3 4 5 6 |  6.5
Crossbows      | 5 6 7 |  7.0
Dodging        | |  1.7
Stealth        | |  1.2

Action                   |  1- 3 |  4- 6 |  7- 9 || total
-------------------------+-------+-------+-------++-------
Melee: Short sword       |     6 |       |       ||     6
       Mace              |    80 |   191 |   154 ||   425
       Punch             |     1 |     2 |     5 ||     8
 Fire: Hunting sling     |       |    24 |    32 ||    56
       Hand crossbow     |       |       |    10 ||    10
Throw: Stone             |    27 |     1 |     1 ||    29
       Dart              |       |     5 |       ||     5
  Use: Scroll            |       |       |     6 ||     6
 Stab: Sleeping          |     1 |       |       ||     1
Armor: Leather armour    |    25 |       |       ||    25
       Chain mail        |    27 |   219 |   147 ||   393
       Ring mail         |     6 |       |       ||     6
Dodge: Dodged            |    48 |   109 |   138 ||   295
